 Dungeon Crawl Stone Soup version 0.30-a0-737-gf23d94013f (webtiles) character file.

Game seed: 3761504845566021722

32 retardedninja the Trooper (level 3, -5/24 HPs)
             Began as a Gargoyle Fighter on Feb 2, 2023.
             Killed from afar by Sigmund (6 damage)
             ... with a puff of flame
             ... on level 2 of the Dungeon.
             The game lasted 00:01:46 (1017 turns).

retardedninja the Trooper (Gargoyle Fighter)        Turns: 1017, Time: 00:01:47

Health: -5/24      AC: 10    Str: 21    XL:     3   Next: 25%
Magic:  3/3        EV:  6    Int:  8    God:
Gold:   108        SH:  4    Dex:  9    Spells: 2/2 levels left

rFire   . . .      SeeInvis .    a - +0 flail
rCold   . . .      Faith    .    c - +0 buckler
rNeg    + . .      Spirit   .    b - +0 scale mail
rPois   ∞          Reflect  .    (no helmet)
rElec   +          Harm     .    (no cloak)
rCorr   .          Rampage  .    (no gloves)
Will    +....                    (no boots) Stlth
                                 (no amulet)
HPRegen 0.24/turn                (no ring)
MPRegen 0.08/turn                (no ring)

@: mighty, flying, constricted, invisible
A: sickness immunity, AC +3, negative energy resistance 1, electricity
resistance, torment resistance 1, petrification resistance, strong-willed 1, no
potion heal 1
a: no special abilities


You were on level 2 of the Dungeon.
You visited 1 branch of the dungeon, and saw 2 of its levels.

You collected 108 gold pieces.

Inventory:

Hand Weapons
 a - a +0 flail (weapon)
Armour
 b - a +0 scale mail (worn)
 c - a +0 buckler (worn)
 p - a +0 chain mail
Jewellery
 m - a ring of wizardry
 o - a ring of protection from cold
Scrolls
 h - 2 scrolls of identify {unknown}
 i - a scroll of poison {unknown}
 k - a scroll of teleportation {unknown}
Potions
 e - a potion of flight
 f - a potion of heal wounds {unknown}
 j - a potion of curing {unknown}
 n - a potion of brilliance {unknown}


   Skills:
 + Level 3.7 Fighting
 + Level 2.4 Maces & Flails
 + Level 3.7 Armour
 + Level 3.7 Shields


You had 2 spell levels left.
You didn't know any spells.
Your spell library contained the following spells:

 Spells                   Type           Power      Damage    Failure   Level
 Magic Dart               Conj           0%         1d3       83%         1
 Call Imp                 Summ           0%         N/A       93%         2
 Mephitic Cloud           Conj/Pois/Air  0%         N/A       99%         3


Dungeon Overview and Level Annotations

Branches:
Dungeon (2/15)

Altars:

Annotations:
D:2 Sigmund


Innate Abilities, Weirdness & Mutations

You are immune to sickness and miasma.
Your stone body is resilient. (AC +3)
You are immune to poison.
You resist negative energy. (rN+)
You are resistant to electric shocks. (rElec)
You are resistant to unholy torment.
You are immune to petrification.
You are strong-willed. (Will+)
Potions are less effective at restoring your health.


Message History

You barely miss Sigmund. The goblin hits you but does no damage.
The worm is engulfed in a cloud of scalding steam.
Sigmund laughs darkly.
Sigmund hits you but does no damage. The goblin hits you but does no damage.
A ball python comes into view.
The worm barely misses you. The goblin hits you but does no damage.
Sigmund says, "Your kind have come here before.
I understand now why.
You desire death..."
Sigmund barely misses you. The goblin hits you but does no damage.
Sigmund barely misses you. The worm bites you.
The goblin hits you but does no damage. The goblin barely misses you.
Sigmund casts a spell at you. The magic dart hits you!
You're too confused to move!
You feel less confused. The goblin hits you with a +0 club.
* * * LOW HITPOINT WARNING * * *
Sigmund hits you with a +0 scythe.
* * * LOW HITPOINT WARNING * * *
It was a potion of flight.
You feel very buoyant.
You fly up into the air.
The ball python bites you but does no damage.
The ball python grabs you. The ball python constricts you.
You block the worm's attack. The goblin hits you but does no damage.
It was a potion of mutation.
You feel extremely strange.
Your system partially rejects the healing effects of potions.
You feel strong-willed. Sigmund barely misses you.
The ball python bites you but does no damage.
The ball python constricts you. The goblin hits you but does no damage.
It was a potion of invisibility.
You fade into invisibility!
You block the ball python's attack. The ball python constricts you.
* * * LOW HITPOINT WARNING * * *
The worm bites you but does no damage. You block the goblin's attack.
Sigmund gestures at you while chanting. The puff of flame hits you.
You die...

##########......# #.
#........#......######.
##........#.............
..........#.............
#.........#.............
#......................
#........#.............
#.....@................
##.....@g.....#...######
#?.....wS~~~........ .
#......$.~~~..####..# #
#........~~~..# #.# #
#.#####..~~~..# .. # #
#...⌠.[.# #......##
......## ......#


You could see Sigmund (unable to see you), a worm (unable to see you), a goblin
(unable to see you) and a ball python (unable to see you).

Vanquished Creatures
  A dart slug (D:1)
  An orc (D:2)
  2 endoplasms (D:1)
  4 giant cockroaches (D:1)
  2 goblins
  3 hobgoblins (D:1)
  2 kobolds
  A quokka (D:2)
  2 ball pythons (D:1)
  3 bats
  2 frilled lizards (D:1)
  2 rats (D:1)
25 creatures vanquished.

Notes
Turn   | Place    | Note
-------+----------+-------------------------------------------
     0 | D:1      | retardedninja the Gargoyle Fighter began the quest for the
                  | Orb.
     0 | D:1      | Reached XP level 1. HP: 14/14 MP: 1/1
   177 | D:1      | Reached XP level 2. HP: 19/19 MP: 2/2
   759 | D:1      | Reached XP level 3. HP: 23/23 MP: 3/3
   794 | D:2      | Found a faded altar of an unknown god.
  1002 | D:2      | Noticed Sigmund
  1014 | D:2      | HP: 1/24 [Sigmund/+0 scythe (6)]
  1016 | D:2      | Gained mutation: Potions are less effective at restoring
                  | your health. [potion of mutation]
  1016 | D:2      | Gained mutation: You are strong-willed. (Will+) [potion of
                  | mutation]
  1017 | D:2      | Killed from afar by Sigmund

Illustrated notes

Levels and vault maps discovered:
D:1:      heliophobic_arrival_glass_houses, layout_loops_ring,
          minmay_misc_feat_diagonals, nrook_mini_backslash
D:2:      layout_basic, nicolae_ecumenical_pavilion, serial_park_tiny_pond,
          uniq_sigmund

Action                     || total
---------------------------++-------
  Melee: Flail             ||    79
    Use: Potion            ||     4
 Armour: Scale mail        ||    65
  Dodge: Dodged            ||    53
  Block: Buckler           ||    20

Table legend: (Time is in decaauts)
 A = Elapsed time spent in this place.
 B = Non-inter-level travel time spent in this place.
 C = Inter-level travel time spent in this place.
 D = Time resting spent in this place.
 E = Time spent auto-exploring this place.
 F = Levels seen in this place.
 G = Mean time per level.
                   A        B        C        D        E       F      G
               +--------+--------+--------+--------+--------+-----+--------+
         Total |   1043 |   1025 |     18 |    156 |    582 |   2 |  521.5 |
       Dungeon |   1043 |   1025 |     18 |    156 |    582 |   2 |  521.5 |
               +--------+--------+--------+--------+--------+-----+--------+

Top non-repeatable levels by time:
     D:1: 813 daAuts
     D:2: 229 daAuts
